 Dungeon Crawl Stone Soup version 0.31-a0-263-ge8cad7f256 (webtiles) character file.

Game seed: 1574535341624474944

1689 Monkooky the Mimic (level 9, -3/65 HPs)
             Began as an Octopode Shapeshifter on July 13, 2023.
             Was a Believer of Ru.
             Slain by a gnoll
             ... wielding a +0 halberd
             ... led by a gnoll bouda
              (9 damage)
             ... on level 6 of the Dungeon.
             The game lasted 00:11:14 (4227 turns).

Monkooky the Mimic (Octopode Shapeshifter)          Turns: 4227, Time: 00:11:15

Health: -3/65      AC:  9    Str: 25    XL:     9   Next: 2%
Magic:  9/9        EV: 11    Int: 10    God:    Ru [**....]
Gold:   292        SH:  0    Dex: 29    Spells: 8/8 levels left

rFire   . . .        k - melded +3 hand axe (distort)
rCold   . . .        (shield currently unavailable)
rNeg    . . .        (helmet currently unavailable)
rPois   .            s - amulet of faith
rElec   .            j - ring of resist corrosion
rCorr   +            n - ring of willpower
SInv    .            v - +6 ring of strength
Will    +....        x - +6 ring of dexterity
Stlth   +            C - +6 ring of dexterity
HPRegen 0.30/turn    (no ring)
MPRegen 0.11/turn    (no ring)
                     (no ring)

%: faith
@: confused, lethally poisoned (-3 -> -13), snake-form, ambrosia-drunk
A: constrict, boosted hp, almost no armour, amphibious, 8 rings, large,
(camouflage 1), (gelatinous body 1), hated by all, (nimble swimmer 1),
(tentacles)
a: Begin Untransformation, Renounce Religion


You were on level 6 of the Dungeon.
You worshipped Ru.
Ru was pleased with you.
You were an enormous anaconda.
You visited 2 branches of the dungeon, and saw 7 of its levels.

You collected 292 gold pieces.

Inventory:

Hand Weapons
 g - a +0 mace
 k - a +3 hand axe of distortion (melded)
Missiles
 p - a throwing net
Jewellery
 i - an amulet of reflection
 j - a ring of resist corrosion (left tentacle)
 n - a ring of willpower (right tentacle)
 s - an amulet of faith (around neck)
 v - a +6 ring of strength (on tentacle)
 x - a +6 ring of dexterity (on tentacle)
 C - a +6 ring of dexterity (on tentacle)
Talismans
 b - a beast talisman
 e - a beast talisman
 f - a serpent talisman
 m - a blade talisman
 u - a beast talisman
Wands
 a - a wand of flame (7)
Scrolls
 d - a scroll of revelation
 l - a scroll of fog
 o - 2 scrolls of teleportation
 q - a scroll of torment {unknown}
 r - a scroll of poison {unknown}
 w - a scroll of immolation
 y - a scroll of vulnerability {unknown}
 z - a scroll of amnesia {unknown}
 A - a scroll of blinking {unknown}
 B - a scroll of noise {unknown}
Potions
 c - a potion of invisibility {unknown}


   Skills:
 + Level 4.1 Fighting
 + Level 2.0 Dodging
 + Level 5.3 Unarmed Combat
 - Level 8.3 Shapeshifting


You had 8 spell levels left.
You didn't know any spells.
Your spell library contained the following spells:

 Spells                   Type           Power      Damage    Failure   Level
 Ensorcelled Hibernation  Hex/Ice        0%         N/A       50%         2
 Passwall                 Tmut/Erth      0%         N/A       50%         2
 Portal Projectile        Hex/Tloc       0%         N/A       75%         3
 Swiftness                Air            0%         N/A       75%         3
 Iskenderun's Mystic Bla  Conj/Tloc      0%         2d3       98%         4
 Leda's Liquefaction      Hex/Erth       0%         N/A       98%         4
 Lee's Rapid Deconstruct  Erth           0%         3d4*      100%        5
 Leda's Unmaking          Conj/Erth      0%         9d1       100%        6
 Tukima's Dance           Hex            Unusable   N/A       N/A         3

Dungeon Overview and Level Annotations

Branches:
Dungeon (6/15)             Temple (1/1) D:5

Altars:
Elyvilon
Kikubaaqudgha
Makhleb
Ru
Uskayaw
Vehumet
Xom

Annotations:
D:4 exclusion: statue
D:6 Sigmund


Innate Abilities, Weirdness & Mutations

You are an enormous anaconda.
You have a powerful constriction melee attack.
Your maximum health is increased.
Your armour is entirely melded.
You are incapable of wielding weapons or throwing items.
You cannot wear most types of armour.
You are amphibious.
You can wear up to eight rings at the same time.
((Your skin changes colour to match your surroundings (Stealth+).))
((Your rubbery body absorbs attacks. (AC +1, EV +1)))
You are hated by all.
((You are camouflaged when in or above water. (Stealth+)))
((You have tentacles for arms and can constrict up to eight enemies at once.))


Message History

Increase (S)trength, (I)ntelligence, or (D)exterity?
You feel agile. x2
Things that are here:
a +0 glaive; +0 steam dragon scales; the human corpse of Maggie HP restored.
A gnoll comes into view. It is wielding a +0 flail.
A gnoll is nearby!
Sigmund, a water moccasin and 2 gnolls come into view.
The gnoll shouts! x2; You hear a shout!
A gnoll comes into view. It is wielding a +0 whip.
A gnoll comes into view. It is wielding a +0 halberd.
The water moccasin moves out of view.
The gnoll moves out of view.
A gnoll bouda comes into view. It is wielding a +0 whip.
Found a robe.
Sigmund shouts!
The gnoll shouts! x2
Sigmund hits you from afar with a +0 scythe!
The water moccasin hisses angrily.
The gnoll hits you from afar with a +0 halberd!
Sigmund hits you but does no damage.
You lash Sigmund! Your grab misses Sigmund.
Sigmund is moderately wounded.
The gnoll hits you from afar with a +0 halberd!
You focus your inner power and illuminate the gnoll in retribution!
The gnoll closely misses you.
You hit Sigmund but do no damage. Your grab misses Sigmund.
Sigmund is moderately wounded.
Sigmund hits you with a +0 scythe!
The gnoll hits you from afar with a +0 halberd! x2
* * * LOW HITPOINT WARNING * * *
The water moccasin bites you.
* * * LOW HITPOINT WARNING * * *
You are lethally poisoned!
The water moccasin poisons you!
You are confused.
You feel invigorated.
* * * LOW HITPOINT WARNING * * *
You feel very sick. The water moccasin misses you. The gnoll misses you.
The gnoll hits you from afar with a +0 halberd!
You die...

......#.###................
...#...)...................
...#.#.#..#.##.####...#####
...#.#.#..#.##.# #...#
####.#.<....##.# #...#
.###.###..####.# #...#
.....###..####.####...###
.##...†........##.......#
..........######S.##.##..#
.##.#######..gg@#S# .# .#.#
.##.# #...gg.g.... . .
.##.# #.......#..## . ....#
#.....#...... #####
#.....#.# .### ###.##.## .#
#. # #


You could see a water moccasin, Sigmund, a gnoll bouda and 4 gnolls.

Vanquished Creatures
  Maggie (D:6)
  Duvessa (D:6)
  A black bear (D:5)
  2 ogres (D:5)
  A phantom (D:5)
  5 scorpions
  Dowan (D:6)
  2 orc priests
  2 jellies (D:5)
  2 sleepcaps (D:5)
  2 hounds
  Jessica (D:2)
  6 iguanas
  Natasha (twice) (D:3)
  2 orc wizards (D:5)
  4 adders
  3 worms
  3 dart slugs
  14 orcs
  A ball python (D:2)
  4 bats
  4 endoplasms
  4 giant cockroaches
  6 goblins
  2 hobgoblins
  2 jackals (D:5)
  3 kobolds
  5 quokkas
  3 frilled lizards
  3 rats
92 creatures vanquished.

Vanquished Creatures (others)
  An orc wizard (D:4)
1 creature vanquished.

Grand Total: 93 creatures vanquished

Notes
Turn   | Place    | Note
-------+----------+-------------------------------------------
     0 | D:1      | Monkooky the Octopode Shapeshifter began the quest for the
                  | Orb.
     0 | D:1      | Reached XP level 1. HP: 14/14 MP: 1/1
   660 | D:1      | Reached XP level 2. HP: 19/20 MP: 2/2
  1013 | D:2      | Reached XP level 3. HP: 22/26 MP: 3/3
  1114 | D:2      | Noticed Jessica
  1118 | D:2      | Killed Jessica
  1123 | D:2      | Reached XP level 4. HP: 23/33 MP: 4/4
  1701 | D:3      | Noticed Natasha
  1704 | D:3      | Killed Natasha
  1705 | D:3      | Found a hide-covered altar of Uskayaw.
  1759 | D:3      | Noticed Natasha
  1774 | D:3      | Killed Natasha
  1775 | D:3      | Reached XP level 5. HP: 22/37 MP: 5/5
  2083 | D:4      | Found a radiant altar of Vehumet.
  2083 | D:4      | Noticed a frost-covered statue
  2138 | D:4      | Found a sacrificial altar of Ru.
  2142 | D:4      | Reached skill level 4 in Shapeshifting
  2148 | D:4      | Became a worshipper of Ru the Awakened
  2603 | D:5      | Entered Level 5 of the Dungeon
  2603 | D:5      | Noticed a black bear
  2606 | D:5      | Reached XP level 6. HP: 43/43 MP: 6/6
  2608 | D:5      | Killed a black bear
  2609 | D:5      | Reached skill level 5 in Shapeshifting
  2690 | D:5      | Reached skill level 6 in Shapeshifting
  2690 | D:5      | Reached XP level 7. HP: 23/48 MP: 7/7
  2883 | D:5      | Found a staircase to the Ecumenical Temple.
  2899 | Temple   | Entered the Ecumenical Temple
  3188 | D:5      | Found a shimmering altar of Xom.
  3191 | D:5      | Found a shimmering altar of Xom.
  3191 | D:5      | Found a shimmering altar of Xom.
  3191 | D:5      | Found a shimmering altar of Xom.
  3191 | D:5      | Found a shimmering altar of Xom.
  3192 | D:5      | Found a shimmering altar of Xom.
  3193 | D:5      | Found a shimmering altar of Xom.
  3193 | D:5      | Found a shimmering altar of Xom.
  3238 | D:5      | Gained mutation: You are hated by all. [Ru sacrifice]
  3238 | D:5      | Reached * piety under Ru
  3238 | D:5      | Reached ** piety under Ru
  3404 | D:5      | Reached XP level 8. HP: 49/54 MP: 8/8
  3416 | D:5      | Reached skill level 5 in Unarmed Combat
  3696 | D:6      | Reached skill level 7 in Shapeshifting
  3706 | D:6      | Noticed Dowan
  3708 | D:6      | Noticed Duvessa
  3730 | D:6      | Found a white marble altar of Elyvilon.
  3760 | D:6      | Killed Dowan
  3781 | D:6      | Killed Duvessa
  3940 | D:6      | Found an ancient bone altar of Kikubaaqudgha.
  3990 | D:6      | Noticed Maggie
  4097 | D:6      | Killed Maggie
  4098 | D:6      | Reached skill level 8 in Shapeshifting
  4098 | D:6      | Reached XP level 9. HP: 33/58 MP: 9/9
  4221 | D:6      | Noticed Sigmund
  4227 | D:6      | Slain by a gnoll

Illustrated notes

Levels and vault maps discovered:
D:1:      dpeg_arrival_brainrot, layout_rooms, serial_co_window_serial,
          co_window_paths_a, co_window_paths_a, co_window_paths_b,
          co_window_of_opportunity_a, co_window_of_opportunity_a,
          co_window_paths_c, co_window_corner_ca, co_window_corner_b,
          co_window_broadway_c, co_window_unsneaky_path_d, co_window_sun,
          glass_columns_c, glass_columns_c, glass_columns_a, glass_columns_a
D:2:      layout_basic, uniq_jessica
D:3:      layout_basic, nicolae_uskayaw_dance_hall, uniq_natasha
D:4:      layout_rooms, mainiacjoe_overflow_boulevard, vehumet_statue
D:5:      layout_cave_pools, lemuel_tele_altar, xom_redecorated,
          minmay_temple_entry_tees, minmay_misc_feat_pillars,
          kennysheep_crisscross, minmay_pentangle
D:6:      layout_loops_cross, grunt_temple_overflow_growth_and_decay,
          cheibriados_altar_1, mainiacjoe_overflow_six_doors_small,
          kennysheep_mini, uniq_grinder, uniq_menkaure, uniq_sigmund,
          uniq_maggie, uniq_duvessa
Temple:   ebering_the_one_and_only

Skill      XL: |  1  2  3  4  5  6  7  8 |
---------------+-------------------------+-----
Fighting       | 3 4 |  4.1
Shapeshifting  | 4 6 8 |  8.3
Unarmed Combat | 4 5 |  5.3
Dodging        | |  2.0

Action                     |  1- 3 |  4- 6 |  7- 9 || total
---------------------------+-------+-------+-------++-------
  Melee: Hand axe          |    32 |    58 |    29 ||   119
         Constrict         |    11 |    12 |    19 ||    42
         Mace              |     3 |       |       ||     3
         Tentacles         |     3 |     7 |     5 ||    15
         Punch             |       |     2 |     3 ||     5
         Unarmed           |       |       |    63 ||    63
 Invoke: Sacrifice Love    |       |       |     1 ||     1
    Use: Scroll            |       |     6 |     1 ||     7
         Potion            |       |     3 |     6 ||     9
   Stab: Sleeping          |     5 |     3 |     3 ||    11
         Distracted        |       |     1 |       ||     1
         Invisible         |       |       |     1 ||     1
 Armour: Skin              |     2 |       |    23 ||    25
  Dodge: Dodged            |    16 |    33 |    41 ||    90
   Form: Anaconda          |       |       |     1 ||     1

Table legend: (Time is in decaauts)
 A = Elapsed time spent in this place.
 B = Non-inter-level travel time spent in this place.
 C = Inter-level travel time spent in this place.
 D = Time resting spent in this place.
 E = Time spent auto-exploring this place.
 F = Levels seen in this place.
 G = Mean time per level.
                   A        B        C        D        E       F      G
               +--------+--------+--------+--------+--------+-----+--------+
         Total |   4241 |   4110 |    131 |    459 |   2724 |   7 |  605.9 |
       Dungeon |   4237 |   4106 |    131 |    459 |   2724 |   6 |  706.2 |
        Temple |      3 |      3 |      0 |      0 |      0 |   1 |    3.0 |
               +--------+--------+--------+--------+--------+-----+--------+

Top non-repeatable levels by time:
     D:5: 973 daAuts
     D:1: 878 daAuts
     D:4: 706 daAuts
     D:2: 695 daAuts
     D:6: 494 daAuts
     D:3: 491 daAuts
  Temple: 3 daAuts
